Map: Sanctuary III LE

Players

ShoWTimE - Winner!

  • Race: Protoss Protoss
  • Spawn Location: 1:00

sebesdes

  • Race: Protoss Protoss
  • League: Grandmaster
  • Spawn Location: 7:00

Event: HomeStory Cup XXIX

VOD

Have the link to the VOD?

Description

Time

  • Played on: July 3, 2026, 11:35 a.m.
  • Length: 5:46

All games in this series

Show
View Real Time Build Order
Export as new Build Order

ShoWTimE Protoss - Winner!

Build Orders:  

Get SALT Encoding   

  8  0:01  Probe (Chrono Boost)  
  9  0:13  Probe (Chrono Boost)  
  10  0:20  Probe (Chrono Boost)  
  11  0:27  Probe  
  12  0:34  Pylon  
  12  0:39  Probe  
  13  0:52  Probe  
  13  0:55  Gateway  
  14  1:04  Probe (Chrono Boost)  
  15  1:07  Assimilator  
  15  1:13  Probe (Chrono Boost)  
  15  1:16  Assimilator  
  15  1:18  Probe (Chrono Boost)  
  17  1:30  Probe  
  18  1:42  Probe, Cybernetics Core  
  19  1:47  Gateway  
  19  1:54  Probe  
  20  2:02  Pylon  
  20  2:06  Probe  
  21  2:18  Warp Gate  
  21  2:20  Probe, Stalker  
  24  2:34  Adept  
  24  2:36  Pylon  
  26  2:38  Probe  
  27  2:47  Stalker  
  29  2:56  Robotics Facility  
  29  3:07  Stalker  
  30  3:27  Sentry  
  30  3:29  Pylon  
  32  3:40  Warp Prism (Chrono Boost)  
  34  4:06  Immortal (Chrono Boost)  
  38  4:12  Stalker x2  
  42  4:18  Pylon  
  42  4:35  Immortal (Chrono Boost)  
  46  4:45  Stalker x2  
  50  4:56  Pylon  
  50  5:09  Robotics Bay  
  50  5:16  Adept x2  
  48  5:41  Adept  
Show
View Real Time Build Order
Export as new Build Order

sebesdes Protoss 

Build Orders: Phoenix Opening 

Get SALT Encoding   

  8  0:01  Probe (Chrono Boost)  
  9  0:13  Probe (Chrono Boost)  
  10  0:19  Probe (Chrono Boost)  
  11  0:27  Probe  
  12  0:33  Pylon  
  12  0:39  Probe  
  13  0:51  Probe (Chrono Boost)  
  14  1:03  Probe (Chrono Boost)  
  15  1:12  Probe (Chrono Boost)  
  15  1:18  Probe  
  17  1:26  Nexus  
  17  1:36  Gateway  
  17  1:38  Probe  
  18  1:45  Assimilator  
  18  1:50  Probe  
  18  1:52  Assimilator  
  19  2:00  Pylon  
  19  2:03  Probe  
  20  2:15  Probe  
  21  2:23  Cybernetics Core  
  21  2:27  Probe  
  22  2:34  Gateway  
  22  2:40  Probe (Chrono Boost)  
  24  2:44  Probe (Chrono Boost)  
  24  2:49  Probe (Chrono Boost)  
  25  2:57  Stalker (Chrono Boost)  
  26  3:00  Warp Gate  
  26  3:03  Shield Battery  
  26  3:04  Probe  
  28  3:12  Probe  
  28  3:14  Shield Battery  
  28  3:21  Stalker (Chrono Boost)  
  30  3:27  Probe  
  31  3:34  Shield Battery  
  31  3:39  Sentry (Chrono Boost), Probe  
  31  3:40  Sentry  
  37  3:41  Probe  
  37  3:42  Phoenix  
  37  3:46  Pylon  
  37  3:51  Probe  
  39  3:58  Shield Battery  
  39  4:02  Stalker (Chrono Boost)  
  40  4:06  Probe  
  40  4:09  Stalker (Chrono Boost)  
  44  4:17  Shield Battery  
  44  4:21  Gateway  
  43  4:26  Sentry (Chrono Boost)  
  47  4:33  Probe  
  48  4:41  Stalker  
  48  4:44  Probe  
  47  4:51  Gateway  
  47  4:54  Pylon  
  47  4:55  Sentry  
  49  5:00  Pylon  
  49  5:04  Probe  
  50  5:08  Gateway  
  50  5:11  Assimilator  
  50  5:14  Stalker  
  50  5:16  Probe  
  50  5:18  Probe  
  54  5:25  Zealot  
Tags
 
Add a new tag
Caveats
  • Supply blocks, unpowered buildings, or Contaminate may cause inaccurate times.
  • Supply counts are checked every 10 seconds.